 Dungeon Crawl Stone Soup version 0.31-a0-559-g03b8d61ab2 (webtiles) character file.

Game seed: 6817438554385775820

140 Ethylacetat the Ducker (level 5, 0/36 HPs)
             Began as an Octopode Gladiator on Aug 17, 2023.
             Slain by an orc wizard
             ... wielding a +0 dagger
              (4 damage)
             ... on level 3 of the Dungeon.
             The game lasted 00:02:20 (1769 turns).

Ethylacetat the Ducker (Octopode Gladiator)         Turns: 1769, Time: 00:02:20

Health: 0/36       AC:  1    Str: 14    XL:     5   Next: 22%
Magic:  5/5        EV: 14    Int: 10    God:
Gold:   140        SH:  0    Dex: 15    Spells: 4/4 levels left

rFire   + .          .
                       - Unarmed
rCold   . . .        (no shield)
rNeg    . . .        a - +0 hat
rPois   .            (no amulet)
rElec   .            j - ring of protection from fire
rCorr   .            (no ring)
SInv    .            (no ring)
Will    .....        (no ring)
Stlth   ++           (no ring)
HPRegen 0.26/turn    (no ring)
MPRegen 0.09/turn    (no ring)
                     (no ring)

%: no passive effects
@: no status effects
A: almost no armour, amphibious, 8 rings, camouflage 1, gelatinous body 1,
(nimble swimmer 1), tentacles
a: no special abilities


You were on level 3 of the Dungeon.
You visited 1 branch of the dungeon, and saw 3 of its levels.

You collected 140 gold pieces.

Inventory:

Missiles
 b - 3 throwing nets (quivered)
 c - a javelin
Armour
 a - a +0 hat (worn)
Jewellery
 j - a ring of protection from fire (left tentacle)
Wands
 m - a wand of quicksilver (8)
Scrolls
 d - 3 scrolls of teleportation {unknown}
 e - 2 scrolls of identify {unknown}
 g - a scroll of enchant armour {unknown}
 h - a scroll of enchant weapon {unknown}
 i - a scroll of immolation {unknown}
 l - a scroll of acquirement {unknown}
Potions
 f - a potion of invisibility {unknown}
 k - a potion of berserk rage {unknown}


   Skills:
 + Level 3.4 Fighting
 - Level 2.0 Throwing
 + Level 4.1 Dodging
 + Level 4.0 Unarmed Combat


You had 4 spell levels left.
You didn't know any spells.
Your spell library contained the following spells:

 Spells                   Type           Power      Damage    Failure   Level
 Freeze                   Ice            0%         1d3       36%         1
 Frozen Ramparts          Ice            0%         1d1       75%         3
 Hailstorm                Conj/Ice       0%         3d3       75%         3


Dungeon Overview and Level Annotations

Branches:
Dungeon (3/15)

Altars:


Innate Abilities, Weirdness & Mutations

You cannot wear most types of armour.
You are amphibious.
You can wear up to eight rings at the same time.
Your skin changes colour to match your surroundings (Stealth+).
Your rubbery body absorbs attacks. (AC +1, EV +1)
((You are camouflaged when in or above water. (Stealth+)))
You have tentacles for arms and can constrict up to eight enemies at once.


Message History

You kill the orc!
The bolt of dispelling energy hits the orc priest!!
You kill the orc priest!
Your Dodging skill increases to level 4!
Your Unarmed Combat skill increases to level 4!
You have reached level 5!
You feel stronger.
You tentacle-slap the orc. Your grab misses the orc.
Your squeeze misses the orc.
The orc is severely wounded.
You tentacle-slap the orc.
You kill the orc!
The orc wizard gestures at you while chanting.
You resist with some effort. Something hits you.
Things that are here:
a +0 dagger; an orc corpse You tentacle-slap the orc wizard.
You grab the orc wizard.
The orc wizard is moderately wounded.
You hear the slow rusting of a distant drain.
You constrict the orc wizard.
The orc wizard hits you with a +0 dagger.
You tentacle-slap the orc wizard but do no damage.
Your squeeze misses the orc wizard.
The orc wizard is moderately wounded.
You constrict the orc wizard. Something hits you.
The orc wizard points at you and mumbles some strange words.
The magic dart hits you!
* * * LOW HITPOINT WARNING * * *
You tentacle-slap the orc wizard.
The orc wizard is severely wounded.
You constrict the orc wizard. Something hits you.
* * * LOW HITPOINT WARNING * * *
The orc wizard points at you and mumbles some strange words.
The puff of flame hits you. You resist.
* * * LOW HITPOINT WARNING * * *
You barely miss the orc wizard.
The orc wizard is severely wounded.
You constrict the orc wizard. Something hits you.
You die...

######....##.....##
. ##....#.......# .
#.....#.~...~.# .
#.....#.......# .
#.....#.......#
#.....#..)....#
#####.#.~...≈.#
#.#o......#
#)@)........
#####.......
#######


You could see an orc wizard.

Vanquished Creatures
  2 orc priests (D:3)
  3 adders
  A worm (D:2)
  A dart slug (D:1)
  3 orcs (D:3)
  A ball python (D:1)
  4 endoplasms
  3 giant cockroaches (D:1)
  6 goblins
  4 hobgoblins
  4 quokkas
  2 bats
  7 frilled lizards
  2 kobolds
  7 rats
50 creatures vanquished.

Notes
Turn   | Place    | Note
-------+----------+-------------------------------------------
     0 | D:1      | Ethylacetat the Octopode Gladiator began the quest for the
                  | Orb.
     0 | D:1      | Reached XP level 1. HP: 14/14 MP: 1/1
   177 | D:1      | Reached XP level 2. HP: 19/19 MP: 2/2
   670 | D:1      | Reached XP level 3. HP: 25/25 MP: 3/3
  1069 | D:2      | Reached XP level 4. HP: 30/30 MP: 4/4
  1763 | D:3      | Reached XP level 5. HP: 22/36 MP: 5/5
  1769 | D:3      | Slain by an orc wizard

Illustrated notes

Levels and vault maps discovered:
D:1:      dpeg_arrival_water_temple_mockup, layout_basic, minivault_23,
          st_stairs_10, interstate_on_off
D:2:      layout_loops_corners, chequers_arboretum
D:3:      cheibrodos_pilgrimage, layout_rooms, serial_co_window_serial,
          co_window_of_opportunity_a, co_window_paths_a,
          co_window_of_opportunity_a, co_window_corner_a, co_window_paths_a,
          co_window_paths_a, co_window_paths_b, co_window_unsneaky_path_b,
          co_window_2corner, co_window_broadway_a, co_window_broadway_a,
          co_window_of_opportunity_b, co_window_unsneaky_path_e,
          co_window_paths_e, glass_columns_a, glass_columns_a, glass_columns_b,
          glass_columns_a, glass_columns_a,
          hellmonk_ecumenical_altar_heavens_door, serial_shops, shop,
          portal_sewer_entry_a, minmay_curled_crystal

Skill      XL: |  1  2  3  4 |
---------------+-------------+-----
Fighting       | 3 |  3.4
Dodging        | 4 |  4.1
Unarmed Combat | 4 |  4.0
Throwing       | |  2.0

Action                     |  1- 3 |  4- 6 || total
---------------------------+-------+-------++-------
  Melee: Unarmed           |    61 |    33 ||    94
         Constrict         |    16 |    11 ||    27
         Tentacles         |    13 |     2 ||    15
         Punch             |     1 |     2 ||     3
  Evoke: Wand              |       |     1 ||     1
   Stab: Sleeping          |    12 |     3 ||    15
 Armour: Skin              |     1 |     2 ||     3
  Dodge: Dodged            |    29 |    20 ||    49

Table legend: (Time is in decaauts)
 A = Elapsed time spent in this place.
 B = Non-inter-level travel time spent in this place.
 C = Inter-level travel time spent in this place.
 D = Time resting spent in this place.
 E = Time spent auto-exploring this place.
 F = Levels seen in this place.
 G = Mean time per level.
                   A        B        C        D        E       F      G
               +--------+--------+--------+--------+--------+-----+--------+
         Total |   1761 |   1694 |     67 |      1 |   1292 |   3 |  587.0 |
       Dungeon |   1761 |   1694 |     67 |      1 |   1292 |   3 |  587.0 |
               +--------+--------+--------+--------+--------+-----+--------+

Top non-repeatable levels by time:
     D:2: 851 daAuts
     D:1: 757 daAuts
     D:3: 153 daAuts
